AoeStats
← Heisenverde

Black Forest

505295599Analyzed
1v1 RM · 24d ago on Sep 8, 2026· 139m 20s· 2 players
Game mode
Random Map
Map size
Tiny (2 player)
Population
200
Speed
Normal
Resources
Standard
Victory
Conquest
Starting age
Dark Age
Ending age
Imperial Age
RankedLock teamsTeams togetherTeam positionsShared explorationLock speedFull tech treeHidden civsTurbo modeCheats
Victory
Defeat
🇪🇸 Persians · Spain
795
+15
🇩🇪 Romans · Germany
764
-15
Heisenverde
12:02 Feudal Age
13:36 Loom
17:10 Castle Age
17:38 Double-Bit Axe
17:35 Horse Collar
25:48 Bow Saw
26:28 Kamandaran
27:28 Heavy Plow
27:40 Crossbowman
29:05 Gold Mining
30:30 Fletching
30:41 Padded Archer Armor
31:39 Scale Barding Armor
33:36 Wheelbarrow
32:47 Town Watch
36:14 Imperial Age
33:57 Murder Holes
34:49 Hand Cart
36:09 Thumb Ring
36:27 Leather Archer Armor
36:23 Forging
35:54 Cavalier
37:12 Town Patrol
38:15 Bloodlines
38:05 Husbandry
38:29 Chain Barding Armor
38:40 Ring Archer Armor
38:42 Savar
39:52 Conscription
39:43 Citadels
40:57 Hoardings
40:37 Masonry
40:48 Ballistics
41:28 Chemistry
41:06 Iron Casting
44:19 Architecture
44:45 Bodkin Arrow
45:51 Blast Furnace
45:27 Plate Barding Armor
51:18 Two-Man Saw
50:53 Crop Rotation
53:48 Guilds
81:06 Man-at-Arms
81:12 Pikeman
81:55 Light Cavalry
85:22 Halberdier
91:17 Hussar
106:19 Elite War Elephant
113:26 Onager
Reimex93
7:44 Loom
10:41 Feudal Age
11:11 Horse Collar
11:19 Double-Bit Axe
18:39 Castle Age
16:42 Gold Mining
17:19 Stone Mining
17:34 Scale Mail Armor
18:01 Forging
19:52 Bow Saw
19:44 Heavy Plow
19:07 Man-at-Arms
20:50 Squires
20:12 Pikeman
24:48 Gold Shaft Mining
25:55 Fervor
28:42 Wheelbarrow
27:53 Town Watch
28:20 Long Swordsman
32:36 Imperial Age
32:32 Masonry
32:18 Murder Holes
32:43 Ballistics
32:52 Hand Cart
32:37 Town Patrol
33:46 Scale Barding Armor
33:32 Fletching
33:43 Padded Archer Armor
33:38 Halberdier
35:03 Illumination
35:45 Comitatenses
35:46 Conscription
35:34 Legionary
37:37 Husbandry
37:47 Bloodlines
38:13 Architecture
37:48 Siege Engineers
38:46 Chemistry
40:15 Elite Centurion
41:02 Ballistas
44:50 Herbal Medicine
46:01 Heavy Scorpion
48:30 Chain Mail Armor
48:51 Iron Casting
48:36 Chain Barding Armor
48:32 Leather Archer Armor
48:12 Bodkin Arrow
55:25 Blast Furnace
55:00 Plate Barding Armor
54:56 Ring Archer Armor
62:09 Guilds
66:21 Onager
93:32 Fortified Wall
101:16 Capped Ram
104:35 Sappers
105:26 Devotion
105:26 Atonement
105:37 Redemption
105:43 Block Printing
109:23 Faith
118:50 Siege Ram
Connection lost

Rejoining the realm…

Still unreachable

The connection could not be restored.

Session expired

The server has moved on; the page needs a fresh start.